 Dungeon Crawl Stone Soup version 0.29-a0-472-ge5599a681e (webtiles) character file.

Game seed: 11099430870140347927

28 jlumianski the Skirmisher (level 2, -1/24 HPs)
             Began as a Demonspawn Fighter on May 20, 2022.
             Slain by an ogre
             ... wielding a +0 giant spiked club
              (15 damage)
             ... on level 5 of the Dungeon on May 22, 2022.
             The game lasted 00:07:04 (1272 turns).

jlumianski the Skirmisher (Demonspawn Fighter)      Turns: 1272, Time: 00:07:05

Health: -1/24      AC: 11    Str: 16    XL:     2   Next: 96%
Magic:  2/2        EV:  8    Int:  9    God:
Gold:   55         SH:  4    Dex: 12    Spells: 1/1 levels left

rFire   . . .      SeeInvis .   a - +0 war axe
rCold   . . .      Faith    .   c - +0 buckler
rNeg    . . .      Spirit   .   b - +0 scale mail
rPois   .          Reflect  .   (helmet restricted)
rElec   .          Harm     .   (no cloak)
rCorr   .          Rampage  .   k - +1 pair of gloves
Will    .....                   e - +1 pair of boots
Stlth   ..........              j - amulet of regeneration
HPRegen 0.88/turn               (no ring)
MPRegen 0.08/turn               (no ring)

@: no status effects
A: antennae 1
a: no special abilities


You were on level 5 of the Dungeon.
You visited 1 branch of the dungeon, and saw 5 of its levels.

You collected 55 gold pieces.

Inventory:

Hand Weapons
 a - a +0 war axe (weapon)
Missiles
 l - 47 stones (quivered)
 q - 3 boomerangs of dispersal
Armour
 b - a +0 scale mail (worn)
 c - a +0 buckler (worn)
 e - a +1 pair of boots (worn)
 k - a +1 pair of gloves (worn)
Magical Staves
 o - a staff of cold
Jewellery
 f - a ring of fire
 j - an amulet of regeneration (around neck)
Potions
 d - 3 potions of might
 g - 2 potions of flight
 n - 2 potions of magic {unknown}


   Skills:
 + Level 3.4 Fighting
 + Level 2.1 Axes
 + Level 3.0 Armour
 + Level 2.9 Shields


You had one spell level left.
You didn't know any spells.
Your spell library contained the following spells:

 Spells                   Type           Power      Damage    Failure   Level
 Shock                    Conj/Air       0%         1d3       88%         1
 Swiftness                Air            0%         N/A       99%         3
 Airstrike                Air            0%         N/A       100%        4


Dungeon Overview and Level Annotations

Branches:
Dungeon (6/15)             Temple (0/1) D:6

Altars:


Innate Abilities, Weirdness & Mutations

You have a pair of small antennae on your head.


Message History

You feel aware of your surroundings.
It was a scroll of magic mapping.
Found a stone staircase leading down.
Found a stone staircase leading up.
Found 5 gold pieces.
Found a stone staircase leading down.
You now have 55 gold pieces (gained 5).
There is a stone staircase leading up here.
You climb upwards.
There is a stone staircase leading down here.
Found 2 poisoned darts.
An ogre comes into view. It is wielding a +0 giant spiked club.
The ogre shouts!
Found a scale mail.
Throw: 50 stones
Press: ? - help, Q - select action, (/) - cycle Shift-Dir - straight line, f - ogre
Aim: an ogre, wielding a +0 giant spiked club (73% to hit)
You throw a stone. The stone barely misses the ogre.
Throw: 49 stones
Press: ? - help, Q - select action, (/) - cycle Shift-Dir - straight line, f/p - ogre
Aim: an ogre, wielding a +0 giant spiked club (73% to hit)
You throw a stone. The stone hits the ogre.
The ogre is lightly wounded.
Throw: 48 stones
Press: ? - help, Q - select action, (/) - cycle Shift-Dir - straight line, f/p - ogre
Aim: an ogre, wielding a +0 giant spiked club (lightly wounded, 73% to hit)
You throw a stone.
The stone hits the ogre but does no damage.
The ogre is lightly wounded.
You aren't carrying any items that you can evoke.
You slash the ogre!
The ogre is heavily wounded.
The ogre closely misses you.
You slash the ogre!
The ogre is almost dead.
The ogre hits you with a +0 giant spiked club!
Ouch! That really hurt!
You hit the ogre but do no damage.
The ogre is almost dead.
The ogre hits you with a +0 giant spiked club!
Ouch! That really hurt!
You die...

....... .....
.... . ## ..#
(. . #.####..
#.#>#... .
#.#.#.# [..
#.....##.....
###..@O((...(
########...


You could see an ogre.

Vanquished Creatures
  A dart slug (D:1)
  An endoplasm (D:1)
  A giant cockroach (D:1)
  4 hobgoblins (D:1)
  5 kobolds
  A quokka (D:1)
  A ball python (D:1)
  3 bats
  4 frilled lizards (D:1)
  2 goblins (D:1)
  2 rats (D:1)
25 creatures vanquished.

Vanquished Creatures (others)
  7 plants (D:1)
  8 withered plants (D:1)
15 creatures vanquished.

Grand Total: 40 creatures vanquished

Notes
Turn   | Place    | Note
-------+----------+-------------------------------------------
     0 | D:1      | jlumianski the Demonspawn Fighter began the quest for the
                  | Orb.
     0 | D:1      | Reached XP level 1. HP: 18/18 MP: 1/1
   117 | D:1      | Upgraded the game from 0.29-a0-459-g97dee8cd24 to
                  | 0.29-a0-472-ge5599a681e
   201 | D:1      | Gained mutation: You have a pair of small antennae on your
                  | head. [demonic ancestry]
   201 | D:1      | Reached XP level 2. HP: 24/24 MP: 2/2
   707 | D:1      | Found a faded altar of an unknown god.
  1214 | D:3      | You fall into a shaft and drop 3 floors!
  1261 | D:5      | Entered Level 5 of the Dungeon
  1265 | D:5      | Noticed an ogre
  1272 | D:5      | Slain by an ogre

Illustrated notes

Levels and vault maps discovered:
D:1:      mushboom_english_gardens, layout_basic,
          shapermc_ecumenical_altar_flowoftime, nrook_mini_backslash,
          st_stairs_13, chequers_serial_rivers_micro_d
D:2:      layout_basic
D:3:      layout_loops_ring
D:5:      layout_loops_ring, serial_undead, serial_undead_a, serial_undead_f,
          serial_undead_c, serial_undead_f, serial_undead_c,
          minmay_shop_damaged, minmay_holes, minmay_a_box_with_orc_wizards_in_it
D:6:      layout_loops_cross, minmay_temple_entry_gardened_gates

Skill      XL: |  1  2 |
---------------+-------+-----
Axes           | 2 |  2.1
Armour         | 3 |  3.0
Fighting       | |  3.4
Shields        | |  2.9

Action                   || total
-------------------------++-------
Melee: War axe           ||   101
Throw: Stone             ||     3
  Use: Scroll            ||     5
Armor: Scale mail        ||    50
Dodge: Dodged            ||    42
Block: Buckler           ||    18

Table legend: (Time is in decaauts)
 A = Elapsed time spent in this place.
 B = Non-inter-level travel time spent in this place.
 C = Inter-level travel time spent in this place.
 D = Time resting spent in this place.
 E = Time spent auto-exploring this place.
 F = Levels seen in this place.
 G = Mean time per level.
                   A        B        C        D        E       F      G
               +--------+--------+--------+--------+--------+-----+--------+
         Total |   1315 |   1304 |     11 |      0 |    546 |   5 |  263.0 |
       Dungeon |   1315 |   1304 |     11 |      0 |    546 |   5 |  263.0 |
               +--------+--------+--------+--------+--------+-----+--------+

Top non-repeatable levels by time:
     D:1: 1134 daAuts
     D:2: 117 daAuts
     D:6: 46 daAuts
     D:5: 12 daAuts
     D:3: 5 daAuts
